 Dungeon Crawl Stone Soup version 0.17.2 (webtiles) character file.

9080 Charly the Cleaver (level 11, -1/106 HPs)
             Began as a Gargoyle Berserker on July 19, 2016.
             Was a High Priest of Trog.
             Killed by nerve-wracking pain
             ... invoked by an orc high priest
              (9 damage)
             ... on level 4 of the Orcish Mines.
             The game lasted 00:40:07 (2046 turns).

Charly the Cleaver (Gargoyle Berserker)             Turns: 2046, Time: 00:40:07

Health: -1/106     AC: 21    Str: 26    XL:     11   Next: 40%
Magic:  3/3        EV:  6    Int: 11    God:    Trog [*****.]
Gold:   389        SH:  0    Dex: 12    Spells: 0 memorised, 10 levels left

rFire  . . .     SeeInvis .     a - +2 battleaxe (antimagic)
rCold  . . .     Clarity  .     r - +0 ring mail (curse)
rNeg   + . .     SustAt   .     (shield currently unavailable)
rPois  ∞         Gourm    .     s - +2 helmet {Int+3}
rElec  +         Spirit   .     (no cloak)
rCorr  .         Warding  .     g - +1 pair of gloves
rMut   .         Stasis   .     j - +0 pair of boots
MR     .....                    c - amulet of regeneration
Stlth  ..........               (no ring)
                                (no ring)

@: berserking, very quick, not resistant to hostile enchantments, extremely
unstealthy
A: negative energy resistance 1, electricity resistance, unbreathing,
petrification resistance, rot immunity, AC +7
a: Berserk, Trog's Hand, Brothers in Arms, Burn Spellbooks, Renounce Religion


You were on level 4 of the Orcish Mines.
You worshipped Trog.
Trog was extremely pleased with you.
You were not hungry.

You visited 3 branches of the dungeon, and saw 15 of its levels.
You also visited: Bailey.

You collected 389 gold pieces.

Inventory:

Hand Weapons
 a - a +2 antimagic battleaxe (weapon)
 l - a +4 broad axe
Missiles
 f - 5 javelins (quivered)
Armour
 d - a +2 shield
 e - a +0 plate armour
 g - a +1 pair of gloves (worn)
 j - a +0 pair of boots (worn)
 n - a cursed +0 leather armour
 q - a cursed +0 leather armour
 r - a cursed +0 ring mail (worn)
 s - a +2 helmet of intelligence (worn)
 u - a cursed +0 leather armour
Jewellery
 c - an amulet of regeneration (around neck)
 i - an uncursed amulet of warding
Wands
 w - a wand of heal wounds (3)
Potions
 b - a potion of magic {unknown}
 k - a potion of heal wounds {unknown}
Comestibles
 h - 3 meat rations
 t - a bread ration


   Skills:
 - Level 9.0 Fighting
 + Level 12.8 Axes
 - Level 8.3 Armour
 - Level 1.5 Dodging


You had 10 spell levels left.
You didn't know any spells.

Dungeon Overview and Level Annotations

Branches:
Dungeon (10/15)            Temple (1/1) D:4             Orc (4/4) D:10
    Elf (0/3) Orc:3
   Lair: D:8-11

Altars:
Ashenzari
Cheibriados
Fedhas
Gozag
Makhleb
Nemelex Xobeh
Okawaru
Sif Muna
Trog
Yredelemnul

Annotations:
D:10 1 exclusion
Orc:4 Goblin1989's ghost, adept DsBe


Innate Abilities, Weirdness & Mutations

You are resistant to torment.
Your stone body is resilient (AC +7).
You are immune to poison.
You resist negative energy.
You are resistant to electric shocks.
You can survive without breathing.
You are immune to petrification.
You are immune to rotting.


Message History

There is a stone staircase leading up here.
You see here a tomahawk.
Drink which item? (? for menu, Esc to quit)
Okay, then.
A red film seems to cover your vision as you go berserk!
You feel yourself moving faster!
You feel mighty!
You feel somewhat more hungry.
Goblin1989's ghost whispers, "Death doesn't hurt.
What you feel is life." Goblin1989's ghost hits you.
The orc high priest prays to Beogh.
The orc warrior throws a tomahawk.
The tomahawk hits you!
* * * LOW HITPOINT WARNING * * *
The orc priest looks braver for a moment.
The orc warrior completely misses you.
You feel a strong urge to attack something.
Goblin1989's ghost hits you!
* * * LOW HITPOINT WARNING * * *
The orc high priest calls down the wrath of Beogh upon you.
Pain shoots through your body!
You die...

.....................
.....................
.......)..........$.#
..##..([).........##
.......†<)....#......
#.......[............
....................#
............4W.......
.........(..@.....o..
........(....oo...##.
...........ooo.......
...........o........
...######([o######.
.##....[...o....
#..............
......#####.o...
...... .o...


You could see an orc high priest, a rust devil, an orc sorcerer, 3 orc warriors,
3 orc priests, an orc wizard and Goblin1989's ghost.

Vanquished Creatures
  The ghost of emiel the Thaumaturge, a journeyman HEWz of Cheibriados (Orc:4)
  Josephine (Orc:3)
  3 orc high priests (Orc:4)
  A hill giant (D:10)
  2 kobold demonologists (Bailey)
  A wyvern (D:9)
  5 wraiths (Orc:3)
  3 yaks (D:10)
  A warg (Orc:3)
  2 ice beasts
  12 orc warriors
  2 ogres
  A centaur (D:6)
  A big kobold (D:8)
  4 giant frogs
  A scorpion (D:10)
  2 electric eels (Bailey)
  4 killer bees
  A hound (D:8)
  A giant frog zombie (D:5)
  2 jellies
  13 orc priests
  11 orc wizards
  5 worker ants
  An adder (D:10)
  3 gnolls (Bailey)
  A shadow imp (D:6)
  A worm (D:6)
  A giant gecko (D:1)
  53 orcs
  3 bats (D:1)
  2 giant cockroaches (D:6)
  13 goblins
  7 hobgoblins
  6 jackals (D:1)
  A jackal skeleton (D:4)
  6 kobolds
  2 rats (D:1)
180 creatures vanquished.

Vanquished Creatures (others)
  An orc (Orc:3)
  A plant (D:10)
2 creatures vanquished.

Grand Total: 182 creatures vanquished

Notes
Turn   | Place    | Note
--------------------------------------------------------------
     0 | D:1      | Charly the Gargoyle Berserker began the quest for the Orb.
     0 | D:1      | Reached XP level 1. HP: 14/14 MP: 1/1
    56 | D:1      | Reached XP level 2. HP: 16/19 MP: 2/2
   190 | D:4      | Found a staircase to the Ecumenical Temple.
   196 | Temple   | Entered the Ecumenical Temple
   266 | D:4      | Found an iron altar of Okawaru.
   297 | D:4      | Reached ** piety under Trog
   297 | D:4      | Reached skill level 4 in Axes
   297 | D:4      | Reached XP level 3. HP: 23/23 MP: 3/3
   335 | D:4      | Reached XP level 4. HP: 14/28 MP: 4/4
   377 | D:5      | Entered Level 5 of the Dungeon
   404 | D:5      | Noticed an ice beast
   413 | D:5      | Killed an ice beast
   413 | D:5      | Reached skill level 5 in Axes
   413 | D:5      | Reached XP level 5. HP: 32/32 MP: 5/5
   465 | D:6      | Noticed a centaur
   472 | D:6      | Killed a centaur
   472 | D:6      | Reached skill level 6 in Axes
   472 | D:6      | Reached XP level 6. HP: 37/37 MP: 6/6
   582 | D:7      | Reached skill level 7 in Axes
   582 | D:7      | Reached XP level 7. HP: 41/41 MP: 7/7
   756 | D:9      | Noticed a wyvern
   767 | D:9      | Killed a wyvern
   767 | D:9      | Reached XP level 8. HP: 48/48 MP: 8/8
   778 | D:10     | Entered Level 10 of the Dungeon
   810 | D:10     | Reached skill level 8 in Axes
   828 | D:10     | Charly: moar
   828 | D:10     | Charly: hate these guys
   918 | D:9      | magipi: is the shield worth it?
   918 | D:9      | Charly: I think it is
   918 | D:9      | Charly: Id have to chack how much it affects my accuracy
   918 | D:9      | Charly: hard to say
   918 | D:9      | Charly: Ill keep it untill I get 2h
   919 | D:9      | Reached skill level 5 in Fighting
   943 | D:9      | Reached *** piety under Trog
   980 | D:10     | Reached skill level 5 in Armour
   984 | D:10     | Reached XP level 9. HP: 55/55 MP: 9/9
  1001 | D:10     | Found a flagged portal.
  1010 | Bailey   | Entered a bailey
  1014 | Bailey   | Charly: I dont remember this one
  1014 | Bailey   | Charly: OK
  1014 | Bailey   | Charly: this is an azing bailey
  1014 | Bailey   | Charly: but very hard
  1055 | Bailey   | magipi: what to expect?
  1060 | Bailey   | Charly: high tier orcs
  1060 | Bailey   | Charly: sorcerer, priest etc
  1060 | Bailey   | Charly: but good loot
  1060 | Bailey   | magipi: sigh
  1060 | Bailey   | Charly: weapon,armour
  1060 | Bailey   | Charly: + quaranteed acqu
  1079 | Bailey   | Noticed a kobold demonologist
  1079 | Bailey   | Found an iron altar of Okawaru.
  1079 | Bailey   | Noticed a kobold demonologist
  1094 | Bailey   | Killed a kobold demonologist
  1094 | Bailey   | Reached skill level 9 in Axes
  1107 | Bailey   | Noticed a sixfirhy
  1108 | Bailey   | Noticed a smoke demon
  1109 | Bailey   | Killed a kobold demonologist
  1222 | Bailey   | Charly: huh
  1222 | Bailey   | Charly: this supposed to be acqu
  1222 | Bailey   | magipi: hm
  1256 | Bailey   | Reached **** piety under Trog
  1373 | Bailey   | Reached skill level 10 in Axes
  1378 | Bailey   | magipi: yess
  1378 | Bailey   | Charly: there it is
  1381 | Bailey   | magipi: and for what?
  1381 | Bailey   | magipi: armor?
  1381 | Bailey   | magipi: wnd?
  1381 | Bailey   | Charly: wand or armour
  1381 | Bailey   | magipi: :D
  1381 | Bailey   | Charly: am only lacking cloak
  1381 | Bailey   | Charly: so I guess wand
  1383 | Bailey   | Charly: !
  1383 | Bailey   | magipi: wowz
  1385 | Bailey   | magipi: also, try those armors
  1419 | D:10     | Charly: Ill try them on while resting
  1473 | D:10     | Reached XP level 10. HP: 63/63 MP: 10/10
  1497 | D:10     | Noticed a hill giant
  1503 | D:10     | Killed a hill giant
  1525 | D:10     | magipi: nice
  1605 | D:10     | Found a staircase to the Orcish Mines.
  1614 | Orc:1    | Entered Level 1 of the Orcish Mines
  1624 | Orc:1    | Reached ***** piety under Trog
  1625 | Orc:1    | Reached skill level 11 in Axes
  1647 | Orc:4    | Entered Level 4 of the Orcish Mines
  1708 | Orc:3    | Noticed Josephine
  1727 | Orc:3    | Killed Josephine
  1727 | Orc:3    | Reached skill level 12 in Axes
  1782 | Orc:4    | Noticed Goblin1989's ghost (adept DsBe)
  1794 | Orc:3    | Charly: huh
  1794 | Orc:3    | Charly: sooo unexpected
  1794 | Orc:3    | magipi: this is not good
  1836 | Orc:3    | Found a staircase to the Elven Halls.
  1861 | Orc:4    | Noticed emiel's ghost (journeyman HEWz)
  1906 | Orc:4    | Killed emiel's ghost
  1906 | Orc:4    | Reached XP level 11. HP: 60/69 MP: 11/11
  1966 | Orc:4    | Noticed an orc high priest
  1974 | Orc:4    | Received a gift from Trog
  1976 | Orc:4    | Noticed an orc high priest
  1976 | Orc:4    | Noticed an orc sorcerer
  1985 | Orc:4    | Noticed an orc high priest
  1985 | Orc:4    | Killed an orc high priest
  1986 | Orc:4    | Noticed an orc high priest
  1993 | Orc:4    | Killed an orc high priest
  1995 | Orc:4    | Killed an orc high priest
  1997 | Orc:4    | Noticed a soul eater
  2045 | Orc:4    | Charly: what?
  2046 | Orc:4    | Killed from afar by an orc high priest

Action                   |  1- 3 |  4- 6 |  7- 9 | 10-12 || total
-------------------------+-------+-------+-------+-------++-------
Melee: Hand axe          |    70 |    43 |   157 |       ||   270
       Broad axe         |       |       |    49 |   176 ||   225
       War axe           |       |       |    39 |       ||    39
Throw: Javelin           |       |       |     1 |       ||     1
Invok: Berserk           |     1 |     4 |     6 |     6 ||    17
       Trog's Hand       |       |     1 |     3 |     3 ||     7
       Burn Spellbooks   |       |       |     1 |     1 ||     2
  Use: Scroll            |       |     3 |     5 |       ||     8
       Potion            |       |       |     1 |     1 ||     2
  Eat: Chunk             |       |     4 |     6 |     9 ||    19
       Bread ration      |       |       |     1 |       ||     1
       Pizza             |       |       |     1 |       ||     1
